 Dungeon Crawl Stone Soup version 0.29.1-12-g30fa7ad0bf (webtiles) character file.

Game seed: 17588554505364669607

989 soggyman666 the Magician (level 8, -2/50 HPs)
             Began as a Djinni Fire Elementalist on Dec 17, 2022.
             Slain by an ogre
             ... wielding a +0 giant spiked club
              (34 damage)
             ... on level 5 of the Dungeon.
             The game lasted 00:14:14 (5567 turns).

soggyman666 the Magician (Djinni Fire Elementalist) Turns: 5567, Time: 00:14:15

Health: -2/50      AC:  3    Str:  7    XL:     8   Next: 41%
Gold:   198        EV: 13    Int: 19    God:
                   SH:  0    Dex: 14

rFire   + + .      SeeInvis .   (no weapon)
rCold   x . .      Faith    .   (no shield)
rNeg    . . .      Spirit   .   a - +0 robe
rPois   ∞          Reflect  .   (no helmet)
rElec   .          Harm     .   r - +0 cloak
rCorr   .          Rampage  .   (no gloves)
Will    .....                   (boots unavailable)
Stlth   ++........              u - amulet of the acrobat
HPRegen 0.16/turn               (no ring)
MPRegen 0.00/turn               (no ring)

@: flying
A: sickness immunity, fire resistance 2, cold vulnerability 1, float, innate
caster, HP casting, extra vitality 1
a: no special abilities


You were on level 5 of the Dungeon.
You visited 1 branch of the dungeon, and saw 5 of its levels.
You also visited: Sewer.

You collected 198 gold pieces.

Inventory:

Armour
 a - a +0 robe (worn)
 r - a +0 cloak (worn)
Jewellery
 d - a ring of fire
 u - an amulet of the acrobat (around neck)
Scrolls
 e - a scroll of magic mapping
 f - 2 scrolls of immolation
 g - a scroll of blinking
 j - a scroll of noise {unknown}
 m - a scroll of fear {unknown}
 o - 4 scrolls of teleportation
 t - a scroll of brand weapon {unknown}
 v - a scroll of amnesia {unknown}
 x - a scroll of identify
Potions
 b - 2 potions of haste {unknown}
 c - a potion of berserk rage {unknown}
 h - a potion of degeneration {unknown}
 i - a potion of resistance {unknown}
 k - 2 potions of curing
 l - 2 potions of brilliance
 n - a potion of lignification {unknown}
 p - 2 potions of heal wounds {unknown}
 q - a potion of attraction {unknown}
 s - a potion of might {unknown}
 w - 2 potions of invisibility {unknown}


   Skills:
 - Level 0.1 Fighting
 * Level 3.2 Dodging
 + Level 2.9 Stealth
 + Level 6.9 Spellcasting


You had one spell level left.
You knew the following spells:

 Your Spells              Type           Power      Damage    Failure   Level
a - Foxfire               Conj/Fire      100%       2x1d9     1%          1
b - Scorch                Fire           66%        2d8       1%          2
c - Conjure Flame         Conj/Fire      33%        6-21      1%          3
d - Inner Flame           Hex/Fire       33%        N/A       1%          3
e - Flame Wave            Conj/Fire      33%        2d10      6%          4
f - Slow                  Hex            100%       N/A       1%          1
g - Ensorcelled Hibernat  Hex/Ice        66%        N/A       1%          2
h - Ignite Poison         Fire/Tmut/Pois 33%        N/A       1%          3
Your spell library was empty.

Dungeon Overview and Level Annotations

Branches:
Dungeon (5/15)              Sewer (visited)
 Temple: D:4-7

Altars:


Innate Abilities, Weirdness & Mutations

You are immune to sickness and miasma.
You are immune to poison.
Your flesh is very heat resistant. (rF++)
You are vulnerable to cold. (rC-)
You float through the air rather than walking.
You learn spells naturally, not from books.
Your magical power is your life essence.
You have superior vitality. (+4 MHP)


Message History

Aim: a centaur, wearing a +6 ring of intelligence and quivering stones (wandering, hasn't noticed you, chance to affect: 85%)
The centaur shouts!
The centaur is filled with an inner flame.
The centaur wields a +0 shortbow.
The centaur shoots an arrow.
The arrow hits you.
The centaur shoots an arrow.
The arrow closely misses you.
You conjure some foxfire!
The centaur shoots an arrow.
The arrow hits you.
You hear a shout!
You conjure some foxfire!
The foxfire hits the centaur.
Flame seeps out of the centaur.
The centaur is moderately wounded.
The foxfire hits the centaur.
Flame seeps out of the centaur.
The centaur is moderately wounded.
The centaur is engulfed in blazing flames.
Flame seeps out of the centaur.
The centaur shoots an arrow.
The arrow closely misses you.
Your foxfire dissipates!
The centaur is engulfed in blazing flames.
The centaur explodes!
An ogre comes into view. It is wielding a +0 giant spiked club.
You hear a shout! x4
Casting: Foxfire (safe; 1% risk of failure)
Confirm with . or Enter, or press ? or * to list all spells.
You can't see any susceptible monsters within range! (Use Z to cast anyway.)
You conjure some foxfire!
Casting: Foxfire (safe; 1% risk of failure)
Confirm with . or Enter, or press ? or * to list all spells.
Aiming: Inner Flame (safe; 1% risk of failure)
Press: ? - help, Dir - move target, f - ogre
Aim: an ogre, wielding a +0 giant spiked club (chance to affect: 86%)
The ogre is filled with an inner flame.
Casting: Inner Flame (safe; 1% risk of failure)
Confirm with . or Enter, or press ? or * to list all spells.
Aiming: Slow (safe; 1% risk of failure)
Press: ? - help, Shift-Dir - straight line, f/p - ogre
Aim: an ogre, wielding a +0 giant spiked club (inner flame, chance to affect: 64%)
The ogre struggles to resist.
The ogre attacks as you move away!
The ogre hits you with a +0 giant spiked club!!
Ouch! That really hurt!
You die...

### #.# # #.# ### #
#.# #.## ## ##.#
##..# .#####..#
#...# ........#
##...## ........##
##...@.##
#...####.###.....O.#
##..# ##.......##..#
#..# ##...#..###.>#
##.# #..####.# .§.#
##. #...# #..)☼.# #.
....# .....# #
..###. .v§.. # ..#
#. .....


You could see an ogre (inner flame).

Vanquished Creatures
  Sigmund (D:2)
  2 centaurs (D:5)
  2 phantoms
  6 jellies
  2 orc priests
  An iguana (D:4)
  Terence (D:2)
  4 gnolls (D:4)
  2 river rats (Sewer)
  5 adders
  A shadow imp (D:5)
  An ufetubus (D:5)
  7 worms
  A dart slug (D:4)
  7 orcs
  7 ball pythons
  12 endoplasms
  5 giant cockroaches
  10 goblins
  6 hobgoblins
  8 jackals
  8 kobolds
  3 quokkas (D:3)
  2 bats (D:2)
  7 frilled lizards
  6 rats
117 creatures vanquished.

Vanquished Creatures (collateral kills)
  A rat (D:3)
1 creature vanquished.

Vanquished Creatures (others)
  415 foxfires
415 creatures vanquished.

Grand Total: 533 creatures vanquished

Notes
Turn   | Place    | Note
-------+----------+-------------------------------------------
     0 | D:1      | soggyman666 the Djinni Fire Elementalist began the quest
                  | for the Orb.
     0 | D:1      | soggyman666 set off with the following spells memorised:
                  | Foxfire, Scorch, Conjure Flame, Inner Flame, Flame Wave.
     0 | D:1      | Reached XP level 1. HP: 15/15 MP: 0/0
   432 | D:1      | Reached XP level 2. HP: 14/21 MP: 0/0
   564 | D:1      | Found a faded altar of an unknown god.
  1150 | D:2      | Reached skill level 3 in Spellcasting
  1214 | D:2      | Reached XP level 3. HP: 23/25 MP: 0/0
  1214 | D:2      | Learned a level 1 spell: Slow
  1343 | D:2      | Noticed Sigmund
  1358 | D:2      | Killed Sigmund
  1359 | D:2      | Reached skill level 4 in Spellcasting
  1359 | D:2      | Reached XP level 4. HP: 7/31 MP: 0/0
  1359 | D:2      | Reached XP level 5. HP: 8/35 MP: 0/0
  1359 | D:2      | Learned a level 2 spell: Ensorcelled Hibernation
  1725 | D:2      | Noticed Terence
  1741 | D:2      | Killed Terence
  1742 | D:2      | Reached XP level 6. HP: 27/40 MP: 0/0
  3225 | D:4      | Reached skill level 5 in Spellcasting
  3237 | D:4      | Reached XP level 7. HP: 27/45 MP: 0/0
  3237 | D:4      | Learned a level 3 spell: Ignite Poison
  4135 | D:5      | Entered Level 5 of the Dungeon
  4135 | D:5      | Found the +10 morningstar "Eos" {elec, Halo rElec}
  4258 | D:5      | Identified the +1 leather armour of Eternal Night {-Tele
                  | Fly rF+ Str+2}
  4403 | D:5      | Found a glowing drain.
  4424 | Sewer    | Entered a sewer
  4545 | Sewer    | Reached skill level 6 in Spellcasting
  4890 | Sewer    | Reached XP level 8. HP: 46/50 MP: 0/0
  4944 | Sewer    | Found a viscous altar of Jiyva.
  5088 | Sewer    | Identified the +2 plate armour of the Arena {rC++}
  5567 | D:5      | Slain by an ogre

Illustrated notes

Levels and vault maps discovered:
D:1:      spicycebolla_green_bress_n_ham_2, layout_basic,
          ebering_ecumenical_altar_box, hangedman_abyss_or_decor_stabs,
          minmay_misc_feat_encased, minmay_tromino_v2
D:2:      layout_basic, minmay_box_of_dots, uniq_sigmund, uniq_terence
D:3:      layout_rooms
D:4:      layout_gridville, minmay_misc_feat_more_columns,
          nicolae_figureground_pulse
D:5:      layout_layer_cave, cheibrodos_sewer_entry_bend, uniq_pikel

Skill      XL: |  1  2  3  4  5  6  7  8 |
---------------+-------------------------+-----
Spellcasting   | 3 4 5 6 |  6.9
Stealth        | 2 |  2.9
Dodging        | 3 |  3.2
Fighting       | |  0.1

Action                   |  1- 3 |  4- 6 |  7- 9 || total
-------------------------+-------+-------+-------++-------
 Cast: Foxfire           |    38 |    56 |   150 ||   244
       Scorch            |     5 |    11 |    13 ||    29
       Slow              |     2 |       |     1 ||     3
       Inner Flame       |     1 |     8 |    11 ||    20
       Ensorcelled Hiber |       |     1 |       ||     1
  Use: Scroll            |     1 |     6 |     3 ||    10
Armor: Robe              |     1 |     2 |       ||     3
Dodge: Dodged            |     3 |     4 |     4 ||    11
